 Dungeon Crawl Stone Soup version 0.30-a0-1164-ge08a67761e (webtiles) character file.

Game seed: 15128905434770533344

132 cforsyth the Caller (level 4, -1/49 HPs)
             Began as a Demigod Summoner on Apr 29, 2023.
             Slain by an ice beast (3 damage)
             ... on level 3 of the Dungeon.
             The game lasted 00:05:36 (2748 turns).

cforsyth the Caller (Demigod Summoner)              Turns: 2748, Time: 00:05:37

Health: -1/49      AC: 22    Str:  6 (9)  XL:     4   Next: 62%
Magic:  11/11      EV:  2    Int: 20 (21) God:
Gold:   74         SH:  0    Dex: 13 (14) Spells: 0/9 levels left

rFire   . . .        (no weapon)
rCold   . . .        (no shield)
rNeg    . . .        a - melded +0 robe
rPois   +            n - melded +0 helmet of the Chupacabra {rN+}
rElec   .            (cloak currently unavailable)
rCorr   .            (gloves currently unavailable)
SInv    .            d - melded +0 pair of boots
Will    .....        (no amulet)
Stlth   ++           (no ring)
HPRegen 0.28/turn    (no ring)
MPRegen 0.12/turn

%: no passive effects
@: mighty, lethally poisoned (-1 -> -13), tree-form
A: stationary, stasis, torment immunity, boosted hp, high MP 1, forlorn, divine
attributes
a: no special abilities


You were on level 3 of the Dungeon.
You were a tree.
You visited 1 branch of the dungeon, and saw 3 of its levels.

You collected 74 gold pieces.

Inventory:

Armour
 a - a +0 robe (melded)
 d - a +0 pair of boots (melded)
 n - the +0 helmet of the Chupacabra (melded) {rN+}
   (You found it on level 2 of the Dungeon)

   rN:        It protects you from negative energy.
Wands
 p - a wand of iceblast (10)
Scrolls
 c - a scroll of teleportation {unknown}
 f - 2 scrolls of magic mapping {unknown}
 g - 2 scrolls of fear {unknown}
 h - 2 scrolls of amnesia {unknown}
 j - a scroll of enchant armour {unknown}
 m - 3 scrolls of identify {unknown}
 o - a scroll of immolation {unknown}


   Skills:
 - Level 1.7 Dodging
 - Level 1.7 Stealth
 + Level 3.3 Spellcasting
 + Level 4.7 Summonings


You couldn't memorise any spells.
You knew the following spells:

 Your Spells              Type           Power      Damage    Failure   Level
a - Summon Small Mammal   Summ           88%        N/A       1%          1
b - Call Imp              Summ           44%        N/A       3%          2
c - Call Canine Familiar  Summ           22%        N/A       6%          3
d - Summon Guardian Gole  Hex/Summ       12%        N/A       16%         3

Your spell library contained the following spells:

 Spells                   Type           Power      Damage    Failure   Level
 Necrotise                Necr           12%        1d4       14%         1
 Vampiric Draining        Necr           3%         2d6       38%         3
 Summon Lightning Spire   Summ/Air       12%        N/A       45%         4
 Agony                    Necr           3%         N/A       98%         5


Dungeon Overview and Level Annotations

Branches:
Dungeon (3/15)

Shops:
D:2 [


Innate Abilities, Weirdness & Mutations

You are a tree.
Your roots penetrate the ground, keeping you stationary.
You cannot be teleported.
You are immune to unholy pain and torment.
Your maximum health is greatly increased.
Your equipment is partially melded.
You have an increased reservoir of magic. (+10% MP)
You shall have no god before yourself.
Your divine heritage dramatically boosts your attributes as you level up.


Message History

* * * LOW HITPOINT WARNING * * *
You are more poisoned.
It was a potion of flight.
You feel very buoyant.
You fly up into the air.
* * * LOW HITPOINT WARNING * * *
You feel very sick.
The ice beast barely misses something.
The kobold barely misses you.
It was a potion of lignification.
You turn into a tree.
The +0 helmet of the Chupacabra {rN+} melds into your body.
Your +0 pair of boots melds into your body.
Your +0 robe melds into your body.
Your roots penetrate the ground.
* * * LOW HITPOINT WARNING * * *
You feel very sick.
The ice beast hits something.
The kobold hits you but does no damage.
You are more poisoned.
It was a potion of heal wounds.
You feel much better.
You feel very sick. The kobold hits you but does no damage.
It was a potion of degeneration.
There was something very wrong with that liquid.
You feel weakened.
You feel dopey.
You feel clumsy.
* * * LOW HITPOINT WARNING * * *
You feel very sick. The kobold hits you but does no damage.
You closely miss the kobold.
* * * LOW HITPOINT WARNING * * *
You feel very sick. The kobold hits you but does no damage.
You are more poisoned.
You hit the kobold.
You kill the kobold!
* * * LOW HITPOINT WARNING * * *
You feel very sick.
Okay, then.
Magic courses through your body.
* * * LOW HITPOINT WARNING * * *
You feel very sick. The ice beast hits you.
You die...

# #<..<...#
..###.#.......#
......#.......#
#....r.$...#
#.##.....!.# #
#..Y....#
#>......#
#####Y### #♣(.#
#...........
#.......#####
#...>....##
#.........
##.......##
##.....##
##...##


You could see an ice beast.

Vanquished Creatures
  A bat (D:1)
  A hobgoblin (D:1)
  A kobold (D:3)
  A ball python (D:1)
  A rat (D:2)
5 creatures vanquished.

Vanquished Creatures (collateral kills)
  Natasha (twice) (D:2)
  4 adders (D:2)
  A dart slug (D:1)
  3 ball pythons
  4 bats
  3 endoplasms (D:2)
  4 giant cockroaches (D:1)
  5 goblins
  4 hobgoblins
  3 frilled lizards (D:2)
  2 kobolds (D:2)
  5 rats
40 creatures vanquished.

Grand Total: 45 creatures vanquished

Notes
Turn   | Place    | Note
-------+----------+-------------------------------------------
     0 | D:1      | cforsyth the Demigod Summoner began the quest for the Orb.
     0 | D:1      | Reached XP level 1. HP: 14/14 MP: 5/5
   291 | D:1      | Reached XP level 2. HP: 12/20 MP: 3/7
   294 | D:1      | Learned a level 2 spell: Call Imp
   782 | D:1      | Reached skill level 4 in Summonings
  1494 | D:2      | Reached XP level 3. HP: 11/26 MP: 4/9
  1505 | D:2      | Learned a level 3 spell: Call Canine Familiar
  1601 | D:2      | Found Secuwnam's Antique Armour Shop.
  2124 | D:2      | Identified the +0 helmet of the Chupacabra {rN+}
  2292 | D:2      | Noticed Natasha
  2302 | D:2      | Killed Natasha
  2303 | D:2      | Reached XP level 4. HP: 31/33 MP: 6/11
  2307 | D:2      | Learned a level 3 spell: Summon Guardian Golem
  2350 | D:2      | Noticed Natasha
  2371 | D:2      | Killed Natasha
  2716 | D:3      | Noticed an ice beast
  2743 | D:3      | HP: 2/49 [poisoned by a kobold]
  2748 | D:3      | HP: 2/49 [poisoned by a kobold]
  2748 | D:3      | Slain by an ice beast

Illustrated notes

Levels and vault maps discovered:
D:1:      dpeg_arrival_water_altar, layout_loops_corners
D:2:      layout_loops_ring, serial_shops, nicolae_shop_pleasant_corner_grove,
          uniq_natasha
D:3:      layout_loops_ring

Skill      XL: |  1  2  3 |
---------------+----------+-----
Spellcasting   | 2 3 |  3.3
Summonings     | 4 |  4.7
Dodging        | |  1.7
Stealth        | |  1.7

Action                     |  1- 3 |  4- 6 || total
---------------------------+-------+-------++-------
  Melee: Unarmed           |    45 |     6 ||    51
   Cast: Summon Small Mamm |    46 |     6 ||    52
         Call Imp          |    18 |     4 ||    22
         Call Canine Famil |     7 |     4 ||    11
    Use: Potion            |       |     6 ||     6
   Stab: Distracted        |     1 |       ||     1
 Armour: Robe              |    25 |     4 ||    29
         Skin              |       |     4 ||     4
  Dodge: Dodged            |    51 |     8 ||    59

Table legend: (Time is in decaauts)
 A = Elapsed time spent in this place.
 B = Non-inter-level travel time spent in this place.
 C = Inter-level travel time spent in this place.
 D = Time resting spent in this place.
 E = Time spent auto-exploring this place.
 F = Levels seen in this place.
 G = Mean time per level.
                   A        B        C        D        E       F      G
               +--------+--------+--------+--------+--------+-----+--------+
         Total |   2752 |   2694 |     58 |      0 |   2197 |   3 |  917.3 |
       Dungeon |   2752 |   2694 |     58 |      0 |   2197 |   3 |  917.3 |
               +--------+--------+--------+--------+--------+-----+--------+

Top non-repeatable levels by time:
     D:2: 1382 daAuts
     D:1: 1338 daAuts
     D:3: 31 daAuts
